 Dungeon Crawl Stone Soup version 0.31-a0-590-g8a5a4361df (webtiles) character file.

Game seed: 13838547093530991379

352 dialectric the Ruffian (level 6, -8/26 HPs)
             Began as a Gargoyle Shapeshifter on Aug 19, 2023.
             Was an Initiate of Okawaru.
             Killed from afar by an orc wizard (9 damage)
             ... with a puff of flame
             ... on level 3 of the Dungeon.
             The game lasted 00:03:17 (2196 turns).

dialectric the Ruffian (Gargoyle Shapeshifter)      Turns: 2196, Time: 00:03:18

Health: -8/26      AC:  7    Str: 20    XL:     6   Next: 62%
Magic:  6/6        EV: 12    Int:  9    God:    Okawaru [......]
Gold:   123        SH:  0    Dex: 10    Spells: 5/5 levels left

rFire   . .          .
                       - Unarmed
rCold   . . .        (shield currently unavailable)
rNeg    + . .        a - +0 animal skin
rPois   ∞            i - +0 helmet
rElec   +            (no cloak)
rCorr   .            (no gloves)
SInv    .            (no boots)
Will    .....        (no amulet)
Stlth   +            (no ring)
HPRegen 0.24/turn    (no ring)
MPRegen 0.10/turn

%: no passive effects
@: flux-form, glowing
A: glow, contaminating, reduced hp, sickness immunity, AC +4, negative energy
resistance 1, electricity resistance, torment resistance 1, petrification
resistance
a: Begin Untransformation, Renounce Religion


You were on level 3 of the Dungeon.
You worshipped Okawaru.
Okawaru was noncommittal.
You were something dangerously unstable.
You visited 1 branch of the dungeon, and saw 4 of its levels.

You collected 123 gold pieces.

Inventory:

Armour
 a - a +0 animal skin (worn)
 i - a +0 helmet (worn)
Talismans
 c - a beast talisman
 d - a flux talisman (active)
 f - a granite talisman
Wands
 o - a wand of acid (13)
Scrolls
 b - a scroll of enchant weapon {unknown}
 g - a scroll of fog {unknown}
 j - 2 scrolls of identify {unknown}
 k - a scroll of silence {unknown}
 l - 2 scrolls of vulnerability {unknown}
 r - a scroll of enchant armour {unknown}
Potions
 e - a potion of haste {unknown}
 h - 2 potions of cancellation
 m - a potion of ambrosia {unknown}
 n - a potion of curing {unknown}
 p - a potion of might {unknown}
 q - a potion of degeneration {unknown}


   Skills:
 + Level 2.2 Fighting
 + Level 2.4 Dodging
 + Level 0.5 Stealth
 + Level 5.3 Unarmed Combat
 + Level 3.4 Shapeshifting


You had 5 spell levels left.
You didn't know any spells.
Your spell library was empty.

Dungeon Overview and Level Annotations

Branches:
Dungeon (4/15)
 Temple: D:4-7

Altars:
Okawaru
Uskayaw


Innate Abilities, Weirdness & Mutations

You are something dangerously unstable.
You glow with magical radiation, making you easy to see and hit.
Foes you strike become dangerously contaminated with magical radiation.
Your maximum health is decreased, since you lack skill for your form.
You are incapable of wielding weapons or throwing items.
You are immune to sickness and miasma.
Your stone body is resilient. (AC +4)
You are immune to poison.
You resist negative energy. (rN+)
You are resistant to electric shocks. (rElec)
You are resistant to unholy torment.
You are immune to petrification.


Message History

The quokka attacks as you move away!
The quokka bites you but does no damage. x2
The gnoll bouda barks out a call to the hunt!
The gnoll picks up the pace!
The quokka attacks as you move away! The quokka closely misses you.
The quokka bites you but does no damage.
The quokka attacks as you move away! The quokka closely misses you.
The quokka closely misses you. The quokka attacks as you move away!
The quokka bites you but does no damage.
The quokka misses you. The quokka barely misses you.
There is a stone staircase leading up here.
The quokka misses you.
You climb upwards.
The orc barely misses you.
There is a stone staircase leading down here.
Unknown command.
You closely miss the orc.
The orc wizard mumbles some strange words.
The orc wizard flickers and vanishes!
Deactivating autopickup; reactivate with Ctrl-A.
The quokka bites you but does no damage.
You hit the orc.
The orc begins to glow.
The orc is moderately wounded.
The orc closely misses you.
The quokka bites you but does no damage.
Unknown command.
You hit the quokka but do no damage.
The quokka begins to glow.
The quokka closely misses you. The orc closely misses you. Something hits you.
You hit something but do no damage.
The orc wizard begins to glow.
The quokka bites you. The orc hits you with a +0 trident!
* * * LOW HITPOINT WARNING * * *
The orc wizard barely misses you.
You hit the orc wizard.
The orc wizard glows dangerously bright.
The orc wizard is moderately wounded.
The quokka closely misses you. The orc hits you with a +0 trident.
* * * LOW HITPOINT WARNING * * *
The orc wizard points at you and mumbles some strange words.
The puff of flame hits you!
You die...

... ### ... ### ...
#.. ..# ... #.# #.#
... #.# #.#
...###### #.# #.#
...#....###.####r#
...'.†........ooB#
..)#....##....##o#
...#....##....##.#
####....##....##.###
#....##.........#
####....##.........#
..##....##.........#
#.##....###.##.....#
#.##....#
#.##.....######


You could see 2 orc wizards, an orc (contam) and a quokka (contam).

Vanquished Creatures
  Grinder (D:4)
  Natasha (D:2)
  2 adders (D:2)
  3 gnolls
  A white imp (D:3)
  An ufetubus (D:4)
  2 worms
  3 dart slugs
  2 orcs (D:4)
  7 ball pythons
  4 bats
  8 endoplasms
  3 giant cockroaches (D:1)
  4 goblins
  8 hobgoblins
  A jackal (D:4)
  5 kobolds
  A quokka (D:1)
  2 frilled lizards (D:2)
  5 rats
64 creatures vanquished.

Notes
Turn   | Place    | Note
-------+----------+-------------------------------------------
     0 | D:1      | dialectric the Gargoyle Shapeshifter began the quest for
                  | the Orb.
     0 | D:1      | Reached XP level 1. HP: 12/12 MP: 1/1
   134 | D:1      | Reached XP level 2. HP: 8/16 MP: 2/2
   482 | D:1      | Reached XP level 3. HP: 6/20 MP: 3/3
  1281 | D:2      | Reached XP level 4. HP: 14/26 MP: 4/4
  1525 | D:2      | Noticed Natasha
  1528 | D:2      | Killed Natasha
  1529 | D:2      | Reached skill level 4 in Unarmed Combat
  1651 | D:2      | Reached XP level 5. HP: 17/30 MP: 5/5
  2011 | D:4      | Found an iron altar of Okawaru.
  2014 | D:4      | Noticed Grinder
  2019 | D:4      | Paralysed by Grinder for 3 turns
  2030 | D:4      | Paralysed by Grinder for 2 turns
  2038 | D:4      | Paralysed by Grinder for 2 turns
  2046 | D:4      | Killed Grinder
  2047 | D:4      | Reached skill level 5 in Unarmed Combat
  2047 | D:4      | Reached XP level 6. HP: 19/35 MP: 6/6
  2054 | D:4      | Became a worshipper of Warmaster Okawaru
  2089 | D:4      | Found a hide-covered altar of Uskayaw.
  2196 | D:3      | HP: 1/26 [orc/+0 trident (3)]
  2196 | D:3      | Killed from afar by an orc wizard

Illustrated notes

Levels and vault maps discovered:
D:1:      dpeg_arrival_prison, layout_basic
D:2:      layout_rooms, serial_bayou_pond_b, feat_on_display, uniq_natasha
D:3:      layout_basic, dreamdust_ecumenical_altar_drowned_temple
D:4:      layout_loops_corners, kennysheep_mini_moat, lemuel_doored_altar,
          okawaru_metal_pillars_1_2, saegor_snake_ambush, uniq_grinder

Skill      XL: |  1  2  3  4  5 |
---------------+----------------+-----
Dodging        | 2 |  2.4
Unarmed Combat | 4 5 |  5.3
Shapeshifting  | 3 |  3.4
Fighting       | 2 |  2.2
Stealth        | |  0.5

Action                     |  1- 3 |  4- 6 || total
---------------------------+-------+-------++-------
  Melee: Unarmed           |   120 |   111 ||   231
         Punch             |     1 |       ||     1
Ability: Begin Untransform |     1 |       ||     1
    Use: Potion            |     1 |     1 ||     2
 Armour: Animal skin       |    33 |    45 ||    78
         Skin              |     3 |       ||     3
  Dodge: Dodged            |    64 |    88 ||   152
   Form: Flux              |     1 |       ||     1

Table legend: (Time is in decaauts)
 A = Elapsed time spent in this place.
 B = Non-inter-level travel time spent in this place.
 C = Inter-level travel time spent in this place.
 D = Time resting spent in this place.
 E = Time spent auto-exploring this place.
 F = Levels seen in this place.
 G = Mean time per level.
                   A        B        C        D        E       F      G
               +--------+--------+--------+--------+--------+-----+--------+
         Total |   2190 |   2190 |      0 |     76 |   1547 |   4 |  547.5 |
       Dungeon |   2190 |   2190 |      0 |     76 |   1547 |   4 |  547.5 |
               +--------+--------+--------+--------+--------+-----+--------+

Top non-repeatable levels by time:
     D:1: 1086 daAuts
     D:2: 609 daAuts
     D:4: 380 daAuts
     D:3: 113 daAuts
